AoeStats
← CNZS_98T

Nomad

508463430Analyzed
4v4 RM · 9d ago on Sep 22, 2026· 61m 47s· 8 players
Game mode
Random Map
Map size
231×231
Population
200
Speed
Normal
Resources
Standard
Victory
Conquest
Starting age
Dark Age
Ending age
Imperial Age
RankedLock teamsTeams togetherTeam positionsShared explorationLock speedFull tech treeHidden civsTurbo modeCheats
Victory
Defeat
🇳🇱 Danes · Netherlands
1968
+15
🇨🇳 Danes · China
1959
+15
🇨🇳 Danes · China
1936
+16
🇮🇳 Danes · India
1935
+16
🇨🇳 Varangians · China
2016
-19
🇨🇳 Danes · China
1995
-18
🇨🇳 Saxons · China
1873
-13
🇨🇳 Spanish · China
1864
-12
RTMaxwell
8:31 Loom
11:31 Feudal Age
12:08 Double-Bit Axe
12:30 Town Watch
15:53 Fletching
17:05 Fishing Lines
25:26 Castle Age
25:13 Gold Mining
25:14 Stone Mining
26:33 Bodkin Arrow
26:40 Guard Tower
27:32 Bodkin Arrow
28:04 Ballistics
28:13 Bow Saw
30:04 Wheelbarrow
33:21 Scale Mail Armor
33:38 Horse Collar
34:46 Heavy Plow
36:14 Hand Cart
38:35 Forging
39:54 Chain Mail Armor
40:56 Squires
48:24 Imperial Age
46:56 Medium Warships
46:54 Arson
47:45 Iron Casting
49:47 Plate Mail Armor
49:23 Elite Varangian Guard
49:57 Shield Wall
53:01 Gambesons
61:09 Conscription
CNZS_CC
12:47 Feudal Age
13:27 Double-Bit Axe
16:44 Forging
19:18 Castle Age
17:30 Loom
18:54 Fishing Lines
19:16 Town Watch
20:22 Bow Saw
26:46 Horse Collar
28:43 Wheelbarrow
31:13 Fletching
39:59 Imperial Age
38:03 Stone Mining
39:43 Bodkin Arrow
40:05 Hand Cart
40:42 Bracer
42:10 Padded Archer Armor
43:09 Elite Skirmisher
45:19 Chemistry
45:51 Ballistics
47:31 Padded Archer Armor
49:25 Leather Archer Armor
50:00 Conscription
50:37 Ring Archer Armor
49:41 Cranequins
49:44 Crossbowman
50:44 Thumb Ring
53:32 Siege Engineers
53:54 Heavy Mounted Crossbowman
55:49 Scale Mail Armor
56:24 Iron Casting
55:51 Squires
55:36 Arson
56:03 Bloodlines
55:53 Husbandry
56:05 Hamask
57:04 Heavy Plow
56:55 Gold Mining
57:41 Stone Shaft Mining
57:09 Scale Mail Armor
58:22 Iron Casting
58:39 Chain Mail Armor
58:19 Elite Jomsviking
60:14 Plate Mail Armor
60:50 Blast Furnace
61:10 Blast Furnace
qingchen3457
5:30 Loom
15:18 Feudal Age
19:34 Castle Age
20:45 Horse Collar
25:23 Padded Archer Armor
29:07 Wheelbarrow
28:17 Town Watch
29:02 Double-Bit Axe
31:48 Husbandry
33:40 Gold Mining
34:56 Bow Saw
35:22 Leather Archer Armor
38:41 Imperial Age
36:48 Stone Mining
37:27 Hand Cart
38:49 Bloodlines
40:24 Ring Archer Armor
40:37 Elite Conquistador
43:51 Supremacy
45:11 Coinage
48:06 Banking
49:25 Chemistry
50:17 Conscription
54:46 Bombard Tower
HeavenlyChorus
5:09 Loom
15:19 Feudal Age
15:58 Town Watch
19:01 Castle Age
17:53 Double-Bit Axe
18:37 Fletching
24:13 Scale Barding Armor
29:44 Bloodlines
30:42 Forging
30:40 Husbandry
34:29 Bow Saw
33:59 Horse Collar
35:54 Chain Barding Armor
36:48 Forging
57:20 Imperial Age
55:27 Wheelbarrow
55:24 Squires
57:25 Bodkin Arrow
58:30 Bracer
60:13 Two-Man Saw
58:35 Elite Skirmisher
60:03 Padded Archer Armor
61:14 Ballistics
CNZS_98T
5:24 Loom
14:15 Feudal Age
15:32 Fishing Lines
15:37 Double-Bit Axe
18:11 Castle Age
16:35 Gold Mining
16:37 Fletching
17:38 Padded Archer Armor
18:57 Wheelbarrow
18:37 Bloodlines
18:45 Gillnets
19:06 Bow Saw
19:01 Husbandry
19:11 Bodkin Arrow
22:58 Hand Cart
23:14 Leather Archer Armor
24:48 Town Watch
25:39 Gold Shaft Mining
26:00 Thumb Ring
26:17 Ballistics
29:49 Horse Collar
30:30 Heavy Plow
35:07 Imperial Age
33:20 Stone Mining
35:55 Bracer
37:19 Chemistry
38:42 Ring Archer Armor
41:08 Cranequins
45:55 Elite Skirmisher
51:54 Masonry
52:31 Siege Engineers
57:16 Conscription
56:16 Northmen's Fury
58:24 Hoardings
_LY_Yo
8:22 Loom
12:13 Feudal Age
13:13 Double-Bit Axe
23:29 Town Watch
26:28 Castle Age
31:40 Horse Collar
32:58 Fletching
35:59 Wheelbarrow
35:43 Bow Saw
37:20 Fishing Lines
37:25 Fishing Lines
38:06 Bodkin Arrow
39:59 Heavy Plow
39:51 Gillnets
45:00 Imperial Age
42:47 Hand Cart
43:29 Clinker Construction
43:29 Careening
44:19 Ballistics
45:05 Elite Longship
46:08 Conscription
46:01 Bracer
47:02 Chemistry
46:54 Shipwright
46:55 Carvel Hull
46:43 Gold Mining
46:44 Stone Mining
47:35 Dry Dock
47:27 Caravan
48:07 Siege Engineers
49:23 Masonry
49:11 Guard Tower
49:06 Arrowslits
50:10 Coinage
49:42 Padded Archer Armor
50:10 Northmen's Fury
51:08 Leather Archer Armor
50:16 Elite Skirmisher
51:41 Banking
51:30 Thumb Ring
52:19 Ring Archer Armor
52:02 Onager
53:53 Hoardings
52:39 Hamask
53:23 Scale Mail Armor
53:33 Forging
53:33 Squires
53:19 Arson
54:37 Keep
54:15 Siege Onager
55:36 Chain Mail Armor
55:57 Iron Casting
56:11 Stone Shaft Mining
56:11 Gold Shaft Mining
57:11 Plate Mail Armor
56:25 Capped Ram
57:14 Heated Shot
57:21 Murder Holes
58:58 Blast Furnace
57:38 Siege Ram
59:23 Elite Jomsviking
DK2
6:51 Loom
15:41 Feudal Age
20:28 Castle Age
19:24 Stone Mining
19:32 Double-Bit Axe
21:42 Fletching
28:12 Scale Mail Armor
28:22 Forging
30:59 Fishing Lines
35:19 Imperial Age
33:05 Bow Saw
33:04 Gillnets
35:29 Arson
36:39 Squires
36:13 Hamask
38:10 Ballistics
38:35 Chain Mail Armor
39:35 Conscription
43:26 Plate Mail Armor
43:25 Horse Collar
43:51 Gold Mining
44:15 Bodkin Arrow
45:29 Chemistry
44:51 Padded Archer Armor
44:29 Elite Skirmisher
45:27 Bracer
45:59 Leather Archer Armor
48:04 Ring Archer Armor
55:29 Heavy Plow
57:23 Wheelbarrow
56:33 Town Watch
57:31 Stone Shaft Mining
57:32 Gold Shaft Mining
59:18 Elite Jomsviking
61:13 Iron Casting
62:53 Blast Furnace
61:32 Capped Ram
_LY_lyx
13:23 Feudal Age
17:11 Castle Age
15:03 Double-Bit Axe
15:48 Fletching
15:45 Fishing Lines
16:12 Gold Mining
17:12 Town Watch
18:03 Bodkin Arrow
18:58 Padded Archer Armor
19:34 Wheelbarrow
18:45 Loom
19:24 Bow Saw
19:40 Gillnets
21:29 Hand Cart
21:26 Horse Collar
22:16 Stone Mining
23:01 Gold Shaft Mining
23:53 Ballistics
24:04 Bloodlines
23:54 Husbandry
25:17 Heavy Plow
26:33 Stone Shaft Mining
26:58 Medium Warships
28:07 Thumb Ring
32:12 Imperial Age
29:45 Scale Mail Armor
29:55 Forging
29:46 Squires
29:32 Arson
32:15 Capped Ram
32:33 Northmen's Fury
33:33 Conscription
33:51 Chain Mail Armor
34:11 Iron Casting
34:51 Elite Jomsviking
36:15 Plate Mail Armor
36:07 Siege Ram
38:13 Siege Engineers
39:28 Blast Furnace
39:12 Hamask
39:57 Gambesons
42:36 Elite Skirmisher
43:20 Bracer
44:22 Chemistry
44:03 Heavy Scorpion
45:57 Leather Archer Armor
48:34 Ring Archer Armor
56:32 Coinage
56:57 Caravan
57:11 Clinker Construction
58:36 Carvel Hull
59:40 Masonry
60:05 Hoardings
Connection lost

Rejoining the realm…

Still unreachable

The connection could not be restored.

Session expired

The server has moved on; the page needs a fresh start.